 Dungeon Crawl Stone Soup version 0.29-a0-315-gaf6dd05e2f (webtiles) character file.

Game seed: 11499046824761101884

42140 tilp the Fighter (level 13, -13/66 HPs)
             Began as a Felid Ice Elementalist on Mar 29, 2022.
             Was a High Priest of Vehumet.
             Hit by a large rock thrown by a stone giant (23 damage)
             ... on level 15 of the Dungeon.
             The game lasted 01:43:32 (50973 turns).

tilp the Fighter (Felid Ice Elementalist)          Turns: 50973, Time: 01:43:33

Health: -13/66     AC:  3    Str:  2    XL:     13   Next: 83%
Magic:  2/24       EV: 22    Int: 24    God:    Vehumet [*****.]
Gold:   1599       SH:  5    Dex: 17    Spells: 0/29 levels left
                                        Lives:  0   Deaths: 2

rFire   + . .      SeeInvis +     - Unarmed
rCold   + . .      Faith    .   (shield unavailable)
rNeg    + . .      Spirit   .   (body armour unavailable)
rPois   +          Reflect  +   (helmet unavailable)
rElec   +          Harm     .   (cloak unavailable)
rCorr   .          Rampage  .   (gloves unavailable)
Will    +++..                   (boots unavailable)
Stlth   +++++.....              C - amulet of reflection
HPRegen 0.21/turn               b - ring of the Distant Future {+Blink rF+}
MPRegen 0.19/turn               d - ring of the Coward {rElec rPois rN+ Will++ Str-2}

@: quick
A: very small, claws 1, fangs 3, see invisible, speed 1, shaggy fur 3, stealthy
paws, no weapons or thrown items, no armour, multi-lived, low MP 1
a: Renounce Religion, Evoke Blink


You were on level 15 of the Dungeon.
You worshipped Vehumet.
Vehumet was extremely pleased with you.
You visited 4 branches of the dungeon, and saw 24 of its levels.
You also visited: Sewer, Bailey and Gauntlet.

You collected 2615 gold pieces.
You spent 1016 gold pieces at shops.

Inventory:

Jewellery
 b - the ring of the Distant Future (left paw) {+Blink rF+}
   (You acquired it on level 1 of the Dungeon)

   [ring of protection from fire]

   rF:        It protects you from fire.
   +Blink:    It lets you blink.
 d - the ring of the Coward (right paw) {rElec rPois rN+ Will++ Str-2}
   (You found it on level 5 of the Lair of Beasts)

   [ring of poison resistance]

   Str:       It affects your strength (-2).
   rElec:     It insulates you from electricity.
   rPois:     It protects you from poison.
   rN:        It protects you from negative energy.
   Will:      It greatly increases your willpower.
 p - a ring of poison resistance
 t - a ring of positive energy
 u - a ring of resist corrosion
 C - an amulet of reflection (around neck)
 I - a +4 ring of evasion
 N - the ring of Tiwoix {Ice rElec Will++ Int-5 Slay+3}
   (You found it on level 6 of the Lair of Beasts)

   [ring of ice]

   It enhances your ice magic.
   Int:       It affects your intelligence (-5).
   Slay:      It affects your accuracy & damage with ranged weapons and melee
   (+3).
   rF:        It makes you vulnerable to fire.
   rC:        It protects you from cold.
   rElec:     It insulates you from electricity.
   Will:      It greatly increases your willpower.
 O - a +4 ring of protection
 R - the ring of Tonoer {Fly rC+}
   (You found it in a Gauntlet)

   [ring of flight]

   rC:        It protects you from cold.
   Fly:       It grants you flight.
 S - a ring of protection from fire
 T - a ring of ice
Wands
 l - a wand of iceblast (1)
 A - a wand of digging (10)
 J - a wand of polymorph (2)
 L - a wand of flame (22)
 P - a wand of acid (9)
Scrolls
 g - 4 scrolls of fog
 j - a scroll of acquirement
 n - 7 scrolls of teleportation
 q - 2 scrolls of blinking
 r - 2 scrolls of holy word
 y - 4 scrolls of immolation
 E - a scroll of amnesia
 F - a scroll of vulnerability
 G - a scroll of summoning
 H - 2 scrolls of magic mapping
 K - 3 scrolls of silence
 Q - a scroll of fear
Potions
 a - 4 potions of magic
 c - a potion of ambrosia
 e - 2 potions of flight
 f - a potion of attraction
 h - 9 potions of curing
 i - 2 potions of berserk rage
 k - 16 potions of heal wounds
 m - 2 potions of invisibility
 o - 3 potions of cancellation
 s - 2 potions of resistance
 v - a potion of brilliance
 w - 4 potions of haste
 x - 7 potions of mutation
 z - 2 potions of might
 D - 4 potions of lignification
Miscellaneous
 B - a box of beasts
 M - a lightning rod (4/4)


   Skills:
 + Level 13.0 Fighting
 - Level 8.0 Dodging
 - Level 10.0 Stealth
 - Level 8.0 Unarmed Combat
 + Level 8.6 Spellcasting
 * Level 12.3 Conjurations
 - Level 4.0 Translocations
 * Level 12.2 Ice Magic
 + Level 4.8 Earth Magic
 - Level 10.0 Evocations


You couldn't memorise any spells.
You knew the following spells:

 Your Spells              Type           Power      Damage    Failure   Level
a - Iron Shot             Conj/Erth      25%        9d5       7%          6
b - Frozen Ramparts       Ice            100%       1d12      1%          3
c - Ozocubu's Armour      Ice            62%        N/A       1%          3
d - Hailstorm             Conj/Ice       62%        3d13      1%          4
e - Iskenderun's Mystic   Conj/Tloc      49%        2d11      1%          4
f - Stone Arrow           Conj/Erth      100%       3d13      1%          3
g - Ozocubu's Refrigerat  Ice            31%        4d11      10%         7

Your spell library contained the following spells:

 Spells                   Type           Power      Damage    Failure   Level
 Apportation              Tloc           58%        N/A       1%          1
 Freeze                   Ice            100%       1d11      1%          1
 Static Discharge         Conj/Air       40%        N/A       1%          2
 Dazzling Flash           Conj/Hex       80%        N/A       1%          3
 Mephitic Cloud           Conj/Pois/Air  30%        N/A       1%          3
 Fulminant Prism          Conj/Hex       20%        3d13      1%          4
 Sticky Flame             Conj/Fire      40%        2d6       1%          4
 Freezing Cloud           Conj/Ice/Air   24%        6-21      1%          5
 Poisonous Vapours        Pois/Air       20%        N/A       2%          2
 Gell's Gravitas          Tloc           29%        N/A       3%          3
 Lesser Beckoning         Tloc           29%        N/A       3%          3
 Teleport Other           Tloc           29%        N/A       3%          3
 Lightning Bolt           Conj/Air       20%        1d35      3%          5
 Ignite Poison            Fire/Tmut/Pois 10%        N/A       5%          3
 Inner Flame              Hex/Fire       10%        N/A       5%          3
 Animate Skeleton         Necr           20%        N/A       6%          1
 Pain                     Necr           40%        1d6       6%          1
 Corpse Rot               Necr/Air       20%        N/A       10%         2
 Passage of Golubria      Tloc           29%        N/A       12%         4
 Airstrike                Air            5%         N/A       16%         4
 Tukima's Dance           Hex            10%        N/A       19%         3
 Vampiric Draining        Necr           10%        2d6       19%         3
 Conjure Ball Lightning   Conj/Air       20%        3x3d6     19%         6
 Starburst                Conj/Fire      20%        6d7       19%         6
 Anguish                  Hex/Necr       5%         N/A       52%         4
 Dispel Undead            Necr           10%        3d9       52%         4
 Summon Lightning Spire   Summ/Air       10%        N/A       52%         4
 Agony                    Necr           10%        N/A       86%         5
 Silence                  Hex/Air        5%         N/A       86%         5
 Lehudib's Crystal Spear  Conj/Erth      25%        10d7      94%         8
 Enfeeble                 Hex            5%         N/A       100%        7
 Discord                  Hex            5%         N/A       100%        8
 Disjunction              Tloc           14%        N/A       100%        8


Dungeon Overview and Level Annotations

Branches:
Dungeon (15/15)            Temple (1/1) D:7            Lair (6/6) D:11
  Swamp (0/4) Lair:3       Spider (0/4) Lair:3        Slime (0/5) Lair:5
    Orc (2/2) D:12            Elf (0/3) Orc:2        Vaults (0/5) D:14
 Depths (0/4) D:15          Sewer (visited)          Bailey (visited)
Gauntlet (visited)

Altars:
Ashenzari
Cheibriados
Dithmenos
Elyvilon
Fedhas
Gozag
Hepliaklqana
Kikubaaqudgha
Makhleb
Nemelex Xobeh
Okawaru
Qazlal
Ru
Sif Muna
Trog
Uskayaw
Vehumet
Wu Jian
Xom
Yredelemnul
Zin
The Shining One
Beogh
Jiyva

Shops:
D:1 *   D:2 [   D:4 *   D:13 !   Orc:2 *(:*:!([

Portals:
Pandemonium: Orc:2

Annotations:
D:9 2 transporters
D:13 exclusion: wraith, Frances, Josephine, Nessos
D:14 exclusion: catoblepas, Roxanne
Lair:1 Urug
Lair:2 exclusion: catoblepas
Orc:1 warlord above forbidden stairs
Orc:2 exclusion: upstairs


Innate Abilities, Weirdness & Mutations

You have sharp claws.
You have razor-sharp teeth.
You have supernaturally acute eyesight. (SInv)
You cover ground quickly. (Speed+)
Your thick and shaggy fur keeps you warm. (AC +3, rC+)
Your paws help you pounce on unaware monsters.
You are incapable of wielding weapons or throwing items.
You cannot wear armour.
You gain extra lives every three experience levels.
Your magical capacity is low. (-10% MP)


Message History

Casting: Iron Shot (quite dangerous; 7% risk of failure)
Confirm with . or Enter, or press ? or * to list all spells.
The spell is quite dangerous to miscast (7% risk of failure)!
Continue anyway?
Aiming: Iron Shot (quite dangerous; 7% risk of failure)
Press: ? - help, Shift-Dir - straight line, f/p - stone giant
Aim: a stone giant, quivering large rocks (water, moderately wounded, 100% to hit)
The iron shot hits the stone giant!!
The stone giant is heavily wounded.
Unknown command.
Casting: Iron Shot (quite dangerous; 7% risk of failure)
Confirm with . or Enter, or press ? or * to list all spells.
The spell is quite dangerous to miscast (7% risk of failure)!
Continue anyway?
Aiming: Iron Shot (quite dangerous; 7% risk of failure)
Press: ? - help, Shift-Dir - straight line, f/p - stone giant
Aim: a stone giant, quivering large rocks (water, heavily wounded, 100% to hit)
The iron shot hits the stone giant!!
The stone giant is severely wounded.
The stone giant splashes around in the water.
Unknown command.
Casting: Iron Shot (quite dangerous; 7% risk of failure)
Confirm with . or Enter, or press ? or * to list all spells.
The spell is quite dangerous to miscast (7% risk of failure)!
Continue anyway?
Aiming: Iron Shot (quite dangerous; 7% risk of failure)
Press: ? - help, Shift-Dir - straight line, f/p - stone giant
Aim: a stone giant, quivering large rocks (water, severely wounded, 100% to hit)
The iron shot hits the stone giant!!
The stone giant is almost dead.
The stone giant closely misses you.
There is an open door here.
The stone giant throws a large rock.
The large rock hits you!!!
Ouch! That really hurt!
The stone giant throws a large rock.
The large rock hits you!!
* * * LOW HITPOINT WARNING * * *
Aiming: Iceblast
Press: ? - help, Shift-Dir - straight line, f/p - stone giant
Aim: a stone giant, quivering large rocks (almost dead)
The mass of ice explodes!
The iceblast engulfs the stone giant!
The stone giant is almost dead.
The stone giant throws a large rock.
The large rock hits you!!
You die...

#..(.....######
#..♣♣♣.......##
######.♣#
#♣.......##
.....).♣
♣........#
######.♣#
#♣........#
#..♣♣♣.........#
#.............##
#####...##...##
#######@.#
##.############
#.#≈≈†......)#
#.#≈.#≈≈≈###'#
#C#......# ..#
#.'.##≈..'.>.#
###......#...#
#≈.#≈≈≈###+#
#≈≈.......)#


You could see a stone giant.

Vanquished Creatures
  Kirke (D:13)
  The ghost of Ithig the Martial Artist, a journeyman OpTm of Gozag (Lair:5)
  A minotaur (Gauntlet)
  2 boulder beetles
  2 demonspawn (Orc:2)
  5 hydras
  2 centaur warriors (D:14)
  5 two-headed ogres
  A catoblepas (Lair:5)
  4 death yaks
  A death knight (D:15)
  4 orc high priests (Orc:2)
  2 tengu warriors (D:15)
  A sun demon (Orc:2)
  4 skeletal warriors
  2 necromancers
  9 orc knights
  10 ugly things
  2 deep elf pyromancers (D:14)
  2 wolf spiders
  9 orc sorcerers
  A spectral boulder beetle (Lair:5)
  7 black mambas
  5 elephants (Lair:6)
  9 cyclopes
  14 cane toads
  4 rime drakes
  An unseen horror (D:12)
  17 komodo dragons
  2 freezing wraiths (D:15)
  An efreet (D:15)
  5 yaktaurs (D:15)
  11 polar bears
  5 trolls
  3 tyrant leeches (Lair:3)
  3 hornets
  4 raiju (Lair:6)
  10 blink frogs
  A spectral dream sheep (Lair:5)
  8 dream sheep
  A spectral black mamba (Lair:5)
  5 jumping spiders (Lair:3)
  2 culicivoras (Lair:3)
  6 shadows
  36 yaks
  6 wyverns
  5 wraiths
  16 humans (D:14)
  8 basilisks
  Eustachio (D:5)
  3 hogs (D:13)
  A neqoxec (Gauntlet)
  2 redbacks (Lair:3)
  A chaos spawn (Gauntlet)
  2 vampire mosquitoes (D:8)
  A spectral cane toad (Lair:5)
  11 wargs
  11 hell hounds (Lair:6)
  3 acid dragons
  13 water moccasins
  A swamp worm (Lair:3)
  Duvessa (D:4)
  Pargi (Sewer)
  34 orc warriors
  3 ice beasts
  16 black bears
  4 sky beasts
  A black mamba simulacrum (Lair:5)
  44 wolves
  5 ogres
  5 centaurs
  A phantom (D:3)
  2 kobold brigands
  16 bullfrogs
  3 gnoll sergeants
  6 scorpions
  9 wights
  Dowan (D:4)
  A dream sheep simulacrum (Lair:5)
  14 killer bees
  9 howler monkeys
  7 hounds
  2 jellies (D:5)
  A gnoll shaman (D:8)
  18 orc priests
  Crazy Yiuf (D:5)
  Natasha (thrice) (D:4)
  8 iguanas
  27 orc wizards
  4 polar bear simulacra (D:15)
  2 yak simulacra (D:15)
  A wolf simulacrum (D:15)
  33 gnolls
  13 adders
  3 shadow imps
  2 white imps
  3 worms
  4 dart slugs
  118 orcs
  4 endoplasms
  6 giant cockroaches
  10 goblins
  5 hobgoblins
  A jackal (D:3)
  10 kobolds
  5 quokkas
  4 ball pythons
  4 bats
  6 frilled lizards
  4 rats
  4 river rat simulacra (D:15)
  A spectral kobold (D:9)
806 creatures vanquished.

Vanquished Creatures (collateral kills)
  2 boulder beetles (D:11)
  A water moccasin (Lair:1)
3 creatures vanquished.

Vanquished Creatures (others)
  A bush (Lair:1)
  A butterfly (D:8)
  72 fungi
  111 plants
185 creatures vanquished.

Grand Total: 994 creatures vanquished

Notes
Turn   | Place    | Note
-------+----------+-------------------------------------------
     0 | D:1      | tilp the Felid Ice Elementalist began the quest for the
                  | Orb.
     0 | D:1      | Reached XP level 1. HP: 7/7 MP: 4/4
   128 | D:1      | Found a faded altar of an unknown god.
   212 | D:1      | Reached XP level 2. HP: 12/12 MP: 1/6
   346 | D:1      | Found Beycigel's General Store.
   872 | D:1      | Bought a scroll of identify for 28 gold pieces
   887 | D:2      | Reached skill level 1 in Fighting
   962 | D:2      | Found Ceufun's Antique Armour Emporium.
  1064 | D:2      | Reached XP level 3. HP: 15/15 MP: 4/7
  1068 | D:2      | Learned a level 3 spell: Frozen Ramparts
  1252 | D:2      | Identified the +0 chain mail of Hiang {*Slow rPois rC+
                  | Str+3 Dex+4}
  1557 | D:1      | Bought a potion of curing for 42 gold pieces
  1560 | D:1      | Identified a scroll of acquirement
  1560 | D:1      | Acquired the ring of the Distant Future {+Blink rF+}
  1766 | D:3      | Found a sacrificial altar of Ru.
  1775 | D:3      | Found a basalt altar of Yredelemnul.
  1835 | D:3      | Learned a level 3 spell: Ozocubu's Armour
  1958 | D:3      | Reached XP level 4. HP: 17/19 MP: 1/8
  2165 | D:3      | Identified the +5 chain mail "Nocwuhahi" {rN+}
  2662 | D:4      | Noticed a scorpion
  2665 | D:4      | Reached skill level 2 in Fighting
  2785 | D:4      | Killed a scorpion
  2786 | D:4      | Reached skill level 5 in Ice Magic
  2786 | D:4      | Reached XP level 5. HP: 22/22 MP: 0/10
  3046 | D:4      | Noticed an ogre
  3056 | D:4      | Killed an ogre
  3057 | D:4      | Gained mutation: You are covered in thick fur. (AC +2)
                  | [Felid growth]
  3057 | D:4      | Reached XP level 6. HP: 26/26 MP: 1/11
  3454 | D:4      | Reached skill level 1 in Unarmed Combat
  3454 | D:4      | Reached skill level 1 in Evocations
  3546 | D:4      | Reached skill level 3 in Fighting
  3555 | D:4      | Noticed Duvessa
  3582 | D:4      | Noticed Dowan
  3610 | D:4      | Reached XP level 7. HP: 29/31 MP: 8/12
  3648 | D:4      | Found Duill's CLEARANCE SALE!.
  3655 | D:4      | Bought a scroll of identify for 12 gold pieces
  3655 | D:4      | Bought a potion of berserk rage for 30 gold pieces
  3766 | D:5      | Entered Level 5 of the Dungeon
  3908 | D:5      | Noticed Eustachio
  3920 | D:5      | Killed Eustachio
  4418 | D:5      | Found a runed translucent door.
  4419 | D:5      | Noticed Crazy Yiuf
  4446 | D:5      | Learned a level 4 spell: Hailstorm
  4613 | D:5      | Reached skill level 4 in Fighting
  4719 | D:5      | Reached skill level 5 in Stealth
  5093 | D:5      | Reached XP level 8. HP: 34/36 MP: 4/13
  5240 | D:5      | Reached skill level 1 in Conjurations
  6180 | D:5      | Identified the +3 dagger "Inuycle" {antimagic, rPois Str+5}
  6311 | D:5      | Reached skill level 5 in Fighting
  6410 | D:5      | Reached XP level 9. HP: 29/40 MP: 6/16
  6576 | D:5      | Learned a level 4 spell: Iskenderun's Mystic Blast
  6699 | D:5      | Killed Crazy Yiuf
  6799 | D:6      | Reached skill level 1 in Translocations
  6922 | D:6      | Found a glowing drain.
  6978 | Sewer    | Entered a sewer
  7055 | Sewer    | Noticed Pargi
  7060 | Sewer    | Killed Pargi
  7985 | D:6      | Reached skill level 5 in Conjurations
  8219 | D:6      | Reached skill level 5 in Spellcasting
  8534 | D:7      | Reached skill level 6 in Fighting
  8903 | D:7      | Found a staircase to the Ecumenical Temple.
  9116 | D:7      | Found a flagged portal.
  9231 | Bailey   | Entered a bailey
  9857 | Bailey   | Noticed an orc knight
  9865 | Bailey   | Killed an orc knight
  9866 | Bailey   | Reached XP level 10. HP: 20/45 MP: 3/18
 10474 | Temple   | Entered the Ecumenical Temple
 10585 | Temple   | Became a worshipper of Vehumet
 12307 | D:8      | Found a white marble altar of Elyvilon.
 12613 | D:9      | Reached * piety under Vehumet
 12613 | D:9      | Offered knowledge of Magic Dart by Vehumet.
 12994 | D:9      | Reached skill level 5 in Dodging
 13560 | D:9      | Found a hazy altar of Hepliaklqana.
 13670 | D:9      | Found a viscous altar of Jiyva.
 13670 | D:9      | Found a transporter.
 13704 | D:9      | Noticed a cyclops
 13713 | D:9      | Killed a cyclops
 13714 | D:9      | Reached XP level 11. HP: 49/49 MP: 5/19
 13810 | D:9      | Found a transporter.
 13852 | D:9      | Found the +9 sword of Zonguldrok {reap}
 14009 | D:10     | Entered Level 10 of the Dungeon
 14030 | D:10     | Identified the +0 leather armour of the Frog {Rampage
                  | +Blink rC- Int+6}
 14080 | D:10     | Reached skill level 5 in Evocations
 14557 | D:10     | Reached ** piety under Vehumet
 14568 | D:10     | Offered knowledge of Scorch by Vehumet.
 15044 | D:10     | Reached skill level 5 in Unarmed Combat
 15573 | D:4      | Noticed Natasha
 15577 | D:4      | Killed Duvessa
 15578 | D:4      | Killed Natasha
 15578 | D:4      | Killed Dowan
 15580 | D:4      | Noticed Natasha
 15589 | D:4      | Killed Natasha
 15930 | D:4      | Noticed Natasha
 15935 | D:4      | Killed Natasha
 16252 | D:11     | Reached skill level 7 in Fighting
 16385 | D:11     | Noticed a boulder beetle
 16474 | D:11     | Offered knowledge of Conjure Flame by Vehumet.
 16671 | D:11     | Noticed a red ugly thing
 16702 | D:11     | Identified the +4 pair of gloves "Ruudgh" {Harm +Inv rElec
                  | Dex-5}
 16883 | D:11     | Found a staircase to the Lair.
 17210 | D:11     | Killed a boulder beetle
 17241 | D:11     | Noticed a boulder beetle
 17496 | D:11     | Killed a boulder beetle
 17552 | D:11     | Reached skill level 8 in Fighting
 17846 | D:11     | Noticed a two-headed ogre
 17852 | D:11     | Killed a two-headed ogre
 18042 | D:11     | Noticed a boulder beetle
 18335 | D:11     | Killed a red ugly thing
 18878 | Lair:1   | Entered Level 1 of the Lair of Beasts
 19291 | Lair:1   | Noticed Urug
 19631 | Lair:1   | Reached *** piety under Vehumet
 19632 | Lair:1   | Gained mutation: Your thick and shaggy fur keeps you warm.
                  | (AC +3, rC+) [Felid growth]
 19632 | Lair:1   | Reached XP level 12. HP: 18/56 MP: 3/21
 20833 | Lair:1   | Found a glowing silver altar of Zin.
 21809 | Lair:2   | Noticed a seven-headed hydra
 21971 | Lair:2   | Killed a seven-headed hydra
 22361 | Lair:2   | Noticed a catoblepas
 22486 | Lair:2   | Offered knowledge of Stone Arrow by Vehumet.
 22642 | Lair:2   | Reached skill level 9 in Fighting
 22988 | Lair:2   | Learned a level 3 spell: Stone Arrow
 23259 | Lair:3   | Reached skill level 1 in Earth Magic
 23401 | Lair:3   | Reached **** piety under Vehumet
 23817 | Lair:3   | Found a hole to the Spider Nest.
 23824 | Lair:3   | Reached skill level 10 in Conjurations
 23997 | Lair:3   | Offered knowledge of Flame Wave by Vehumet.
 23998 | Lair:3   | Reached skill level 10 in Ice Magic
 24208 | Lair:3   | Reached XP level 13. HP: 60/60 MP: 4/23
 25222 | Lair:3   | Found a staircase to the Swamp.
 26015 | Lair:4   | Reached skill level 10 in Fighting
 26355 | Lair:4   | Reached ***** piety under Vehumet
 27143 | Lair:5   | Found a runed translucent gate.
 27143 | Lair:5   | Found a runed translucent gate.
 27143 | Lair:5   | Found a runed translucent gate.
 27145 | Lair:5   | Noticed Ithig's ghost (journeyman OpTm)
 27358 | Lair:5   | Found a staircase to the Slime Pits.
 27358 | Lair:5   | Found a viscous altar of Jiyva.
 27362 | Lair:5   | Offered knowledge of Ozocubu's Refrigeration by Vehumet.
 27378 | Lair:5   | Learned a level 7 spell: Ozocubu's Refrigeration
 27640 | Lair:5   | HP: 2/61 [catoblepas/blast of calcifying dust (7)]
 28891 | D:12     | Found a staircase to the Orcish Mines.
 29592 | D:12     | Noticed Sonja
 30252 | D:12     | Noticed Sonja
 30252 | D:12     | Sonja changed into Sonja the rime drake
 30256 | D:12     | Killed Sonja the rime drake
 30749 | Orc:1    | Entered Level 1 of the Orcish Mines
 31054 | Orc:2    | Entered Level 2 of the Orcish Mines
 31054 | Orc:2    | Found Ocudu's Assorted Antiques.
 31160 | Orc:2    | Found Xeceh's Weapon Emporium.
 31814 | Orc:2    | Found Douter's Book Shop.
 31870 | Orc:2    | Found Feqor's Armour Emporium.
 32405 | Orc:2    | Reached skill level 10 in Stealth
 32475 | Orc:2    | Found a staircase to the Elven Halls.
 32598 | Orc:1    | Reached XP level 14. HP: 66/66 MP: 15/25
 33196 | Orc:1    | Offered knowledge of Yara's Violent Unravelling by Vehumet.
 33511 | Orc:1    | Noticed an orc warlord
 33619 | Orc:2    | Found Myuf's General Store.
 33903 | Orc:2    | Found Sufeupan's Distillery.
 34327 | Orc:2    | Reached skill level 11 in Fighting
 35636 | Orc:2    | Gained mutation: Your magical capacity is low. (-10% MP) [a
                  | neqoxec]
 35756 | Orc:2    | Reached skill level 10 in Evocations
 36635 | Orc:2    | Reached skill level 12 in Fighting
 36931 | Orc:2    | Found Wuiptaod's Antique Weapon Shoppe.
 36931 | Orc:2    | Found Onet's Book Emporium.
 36932 | Orc:2    | Found a one-way gate leading to the halls of Pandemonium.
 37116 | Orc:2    | Bought a Trismegistus Codex for 364 gold pieces
 37153 | Orc:2    | Bought a potion of magic for 144 gold pieces
 37153 | Orc:2    | Bought a potion of magic for 144 gold pieces
 37153 | Orc:2    | Bought a potion of curing for 54 gold pieces
 37179 | Orc:2    | Bought a scroll of teleportation for 99 gold pieces
 37179 | Orc:2    | Bought a potion of curing for 99 gold pieces
 38983 | Lair:5   | Identified the ring of the Coward {rElec rPois rN+ Will++
                  | Str-2}
 39021 | Lair:5   | Killed Ithig's ghost
 39454 | Lair:5   | Found a staircase to the Slime Pits.
 39454 | Lair:5   | Found a viscous altar of Jiyva.
 39807 | Lair:6   | Entered Level 6 of the Lair of Beasts
 43079 | Lair:6   | Identified the ring of Tiwoix {Ice rElec Will++ Int-5
                  | Slay+3}
 43317 | Lair:6   | Found the +10 Black Knight's barding {ponderous, rPois rN+}
 43323 | Lair:6   | Identified the +7 dagger of Integrity {venom, rPois rF++
                  | rC+ Int+2}
 43369 | Lair:6   | Reached XP level 15. HP: 65/73 MP: 2/25
 43911 | Lair:6   | Offered knowledge of Iron Shot by Vehumet.
 44449 | D:13     | Found Haighy's Distillery.
 44550 | D:13     | Identified the +4 buckler "Liepruadoo" {Rampage rC+}
 44609 | D:13     | Noticed Kirke
 44703 | D:13     | Killed Kirke
 45262 | D:13     | Noticed Frances
 45487 | D:13     | Noticed Nessos
 45805 | D:13     | Noticed Josephine
 46915 | D:14     | Found a gate to the Vaults.
 46999 | D:14     | Found a gate leading to a gauntlet.
 47080 | Gauntlet | Entered a Gauntlet
 47080 | Gauntlet | Found a transporter.
 47080 | Gauntlet | Found a transporter.
 47155 | Gauntlet | Found a transporter.
 47172 | Gauntlet | Found a transporter.
 47185 | Gauntlet | Found a transporter.
 47185 | Gauntlet | Found a transporter.
 47185 | Gauntlet | Found a transporter.
 47187 | Gauntlet | Found a transporter.
 47187 | Gauntlet | Found a transporter.
 47192 | Gauntlet | Found a runed translucent door.
 47192 | Gauntlet | Found a runed translucent door.
 47199 | Gauntlet | Found a transporter.
 47199 | Gauntlet | Found the +7 lajatang of Order {silver, rMut}
 47216 | Gauntlet | Found a transporter.
 47226 | Gauntlet | Found a transporter.
 47240 | Gauntlet | Found a transporter.
 47260 | Gauntlet | Found a transporter.
 47571 | Gauntlet | Learned a level 6 spell: Iron Shot
 47629 | Gauntlet | Got the Handbook of the Voyage
 47661 | Gauntlet | Identified the ring of Tonoer {Fly rC+}
 47786 | Gauntlet | Identified the +6 longbow "Kesmuek" {vorpal, rElec rF+}
 47801 | Gauntlet | Identified the +1 leather armour "Wiczathro" {rF+}
 48297 | D:14     | Got the Catalogue of Bewitchment and Stones
 48408 | D:14     | Slain by a boulder beetle
 48409 | D:14     | Reached XP level 14. HP: -5/69 MP: 13/24
 48536 | D:14     | Identified Roxanne's Compendium of Stones
 48536 | D:14     | Noticed Roxanne
 48815 | D:15     | Entered Level 15 of the Dungeon
 49875 | D:15     | Reached skill level 13 in Fighting
 50816 | D:15     | Found a staircase to the Depths.
 50816 | D:15     | Noticed a stone giant
 50823 | D:15     | Hit by a large rock thrown by a stone giant
 50824 | D:15     | Reached XP level 13. HP: -9/66 MP: 24/24
 50973 | D:15     | Hit by a large rock thrown by a stone giant

Illustrated notes

Levels and vault maps discovered:
D:1:      dpeg_arrival_tiny_i, layout_basic, serial_shops, nicolae_diamond_shop,
          hellmonk_ecumenical_altar_lost_god
D:2:      layout_rooms, serial_shops, nicolae_shop_stone,
          minmay_misc_feat_rugged, minmay_tromino_v4_b
D:3:      layout_basic, mainiacjoe_overflow_big_doors, hangedman_decor_lopped,
          minmay_surrounded
D:4:      layout_rooms, nicolae_shop_clearance, uniq_duvessa, uniq_natasha
D:5:      kennysheep_windowed_halls, layout_basic, uniq_eustachio,
          uniq_crazy_yiuf_cottage
D:6:      layout_basic, cheibrodos_sewer_entry_drain, minmay_joined_circles
D:7:      layout_basic, temple_green, enter_bailey_4, nrook_uturn,
          dreamdust_gnoll_farm
D:8:      minmay_flawed_box, layout_rooms, nicolae_elyvilon_peaceful_grove,
          serial_bayou_crossing
D:9:      gammafunk_jiyva_shrine, layout_gridville,
          nicolae_hepliaklqana_monster_ancestors, lightli_minifort
D:10:     layout_irregular_city, hangedman_abyss_or_decor_stagger
D:11:     layout_basic, erik_lair_orcish_takeover, minivault_4
D:12:     layout_big_octagon, david_orc_5, grunt_ministairs_4, uniq_sonja
D:13:     layout_roguey, serial_shops, shop, serial_corexii_hall,
          corexii_hall_statues_l, corexii_hall_statues_u, uniq_kirke,
          uniq_nessos, uniq_josephine, uniq_frances
D:14:     nicolae_cairo_tiling, layout_rooms, david_vaults_3,
          hangedman_decor_opposing, gauntlet_entry_generic, uniq_roxanne
D:15:     grunt_enter_depths_snipers, layout_rooms, minmay_stone_trees_small,
          eino_house_with_fridge
Temple:   mainiacjoe_temple_coin_purse
Lair:1:   layout_misc_corridors, basic_altar, chequers_serial_rivers_micro_c,
          chequers_serial_rivers_small_3, grunt_megastairs_2, uniq_urug
Lair:2:   layout_loops_ring, lemuel_fruit_fields
Lair:3:   layout_cave_pods, minmay_swamp_entry_worms,
          nicolae_spider_entry_tight_spaces, beast_lair_carwin_8
Lair:4:   layout_roguey, chequers_serial_rivers_micro_d,
          minmay_stone_trees_medium, nicolae_lair_run_with_the_wolves
Lair:5:   layout_cave_pods, slime_altar_1, gammafunk_ghost_necromancy,
          chequers_serial_rivers_micro_b, nicolae_lair_yak_garden,
          infiniplex_staircase_pool_2
Lair:6:   hangedman_lair_caniforms_friends, layout_regular_city,
          kennysheep_basilisk_garden
Orc:1:    orc_temple, layout_caves
Orc:2:    pf_orc_diabolical, layout_caves, serial_shops, shop, shop_coins,
          nicolae_square_shop, shop, basic_altar

Skill      XL: |  1  2  3  4  5  6  7  8  9 10 11 12 13 14 15 |
---------------+----------------------------------------------+-----
Ice Magic      | 4 5 6 7 8 10 12 | 12.2
Fighting       | 1 2 3 4 5 6 8 9 10 13 | 13.0
Spellcasting   | 3 4 5 6 7 8 |  8.6
Dodging        | 3 4 5 6 8 |  8.0
Stealth        | 3 6 7 8 10 | 10.0
Unarmed Combat | 1 2 4 6 7 8 |  8.0
Evocations     | 1 3 4 6 7 9 10 | 10.0
Conjurations   | 3 6 8 10 11 12 | 12.3
Translocations | 4 |  4.0
Earth Magic    | 1 4 |  4.8

Action                   |  1- 3 |  4- 6 |  7- 9 | 10-12 | 13-15 || total
-------------------------+-------+-------+-------+-------+-------++-------
Melee: Unarmed           |    26 |     9 |   105 |   129 |   255 ||   524
       Bite              |     2 |     2 |    16 |    14 |    55 ||    89
       Punch             |       |     1 |     2 |     4 |    13 ||    20
 Cast: Freeze            |    44 |    28 |    98 |    76 |    14 ||   260
       Frozen Ramparts   |     4 |    10 |    54 |    99 |    96 ||   263
       Ozocubu's Armour  |       |     7 |    28 |    69 |    96 ||   200
       Hailstorm         |       |       |    24 |    84 |    97 ||   205
       Iskenderun's Myst |       |       |       |    50 |    49 ||    99
       Stone Arrow       |       |       |       |    17 |   533 ||   550
       Iron Shot         |       |       |       |       |    12 ||    12
       Ozocubu's Refrige |       |       |       |       |     4 ||     4
 Abil: Evoke Blink       |     1 |       |     1 |     4 |     3 ||     9
Evoke: Wand              |       |       |     9 |     5 |     9 ||    23
       Box of beasts     |       |       |       |     2 |     3 ||     5
  Use: Scroll            |     8 |     4 |     8 |     9 |     9 ||    38
       Potion            |       |       |     3 |       |     3 ||     6
 Stab: Sleeping          |     7 |     3 |    13 |    11 |    17 ||    51
       Petrified         |       |       |       |       |     2 ||     2
Armor: Skin              |     4 |     4 |    30 |    43 |    60 ||   141
Dodge: Dodged            |    45 |    31 |   186 |   230 |   420 ||   912
Block: Other             |       |       |       |    24 |   101 ||   125
       Reflection        |       |       |       |     1 |     4 ||     5

Table legend: (Time is in decaauts)
 A = Elapsed time spent in this place.
 B = Non-inter-level travel time spent in this place.
 C = Inter-level travel time spent in this place.
 D = Time resting spent in this place.
 E = Time spent auto-exploring this place.
 F = Levels seen in this place.
 G = Mean time per level.
                   A        B        C        D        E       F      G
               +--------+--------+--------+--------+--------+-----+--------+
         Total |  46849 |  44369 |   2480 |  17408 |  19876 |  27 | 1735.1 |
       Dungeon |  23666 |  21843 |   1823 |   6535 |  11664 |  15 | 1577.7 |
        Temple |    100 |     79 |     21 |      0 |     67 |   1 |  100.0 |
          Lair |  14977 |  14575 |    402 |   6367 |   6333 |   6 | 2496.2 |
  Orcish Mines |   6043 |   5810 |    233 |   3359 |   1453 |   2 | 3021.5 |
         Sewer |    411 |    411 |      0 |    212 |     98 |   1 |  411.0 |
        Bailey |    940 |    940 |      0 |    633 |     95 |   1 |  940.0 |
      Gauntlet |    711 |    711 |      0 |    301 |    163 |   1 |  711.0 |
               +--------+--------+--------+--------+--------+-----+--------+

Top non-repeatable levels by time:
   Orc:2: 4023 daAuts
  Lair:6: 3898 daAuts
    D:11: 3178 daAuts
  Lair:5: 2767 daAuts
     D:5: 2639 daAuts
  Lair:4: 2361 daAuts
  Lair:3: 2353 daAuts
    D:12: 2083 daAuts
   Orc:1: 2020 daAuts
  Lair:1: 1990 daAuts
    D:10: 1814 daAuts
    D:15: 1758 daAuts
    D:13: 1755 daAuts
  Lair:2: 1605 daAuts
     D:9: 1526 daAuts
